cohdb
Replays
Latest Replays
All Replays
Popular Replays
Top Player Replays
Match Explorer
How It Works
Community
CoH3 Stats
Reddit
Sign in to upload your games and track your stats! →
Sign in with Steam
Match 41569340
Unlisted
Match 41569340
Overview
Messages
Build Orders
End
Royal Engineer Section
Construct Section Command Post
Selects Canadian Shock Battlegroup
Dingo Light Scout Car
Infantry Section
Infantry Section
Construct Platoon Command Post
Selects Attacking Spirit
Selects Canadian Shock Section
6-pounder Anti-tank Gun Team
Unlock M3 Stuart Light Tanks
M3 Stuart Light Tank
M3 Stuart Light Tank
Canadian Shock Section
6-pounder Anti-tank Gun Team
Selects Incendiary Munitions
Selects Pyrotechnics
Infantry Section
Royal Engineer Section
Construct Company Command Post
Foot Guards Section
Infantry Training
Foot Guards Section
Foot Guards Section
Selects Churchill Crocodile Heavy Tank
Churchill Crocodile Heavy Tank
Selects Point Assault
6-pounder Anti-tank Gun Team
6-pounder Anti-tank Gun Team
Royal Engineer Section
Foot Guards Section
yapster
HIMYNAMEISHO
waynoss88
Squigergy
荒喃
Zerg
常山造纸龙
快速魔头号
0
0
Comments
sign in to comment!
No comments posted yet!